Unix NetHack Version 3.7.0-53 Work-in-progress - last build Apr 1 2022 12:02:44 (7e311aa8f678825fd515f266b121b8a7a7199ace,branch:master). Game began 2022-04-01 15:49:33, ended 2022-04-01 23:24:22. Gandelf, neutral male human Monk ----------- ----------- |....|....--- |....%....| |..00|00..%>| |.......%.| |.........--- |.........| |....|....| |....<..=.| |-.--------- |/........| |..0.|.....| |.........| |....|.....| |1........| |..........| |.......%%| |....|.....----------------@| |....|.....................d| ----------------------------- Gandelf the Initiate St:25 Dx:13 Co:13 In:8 Wi:12 Ch:11 Neutral S:7766 Dlvl:8 $:0 HP:0(70) Pw:49(49) AC:1 Xp:8/1814 T:6293 Hungry Latest messages: The giant spider is killed! You hit the lizard! You kill the lizard! The owlbear hits! The owlbear hits! The owlbear grabs you! You hit the owlbear! You hit the owlbear! The owlbear hits! The owlbear hits! You are being crushed. You kill the owlbear! You already found a monster. Use 'm' prefix to force another search. You already found a monster. Use 'm' prefix to force another search. You already found a monster. Use 'm' prefix to force another search. You already found a monster. Use 'm' prefix to force another search. You already found a monster. Use 'm' prefix to force another search. You already found a monster. Use 'm' prefix to force another search. You already found a monster. Use 'm' prefix to force another search. You already found a monster. Use 'm' prefix to force another search. You already found a monster. Use 'm' prefix to force another search. You already found a monster. Use 'm' prefix to force another search. You already found a monster. Use 'm' prefix to force another search. You already found a monster. Use 'm' prefix to force another search. You already found a monster. Use 'm' prefix to force another search. You already found a monster. Use 'm' prefix to force another search. You already found a monster. Use 'm' prefix to force another search. You already found a monster. Use 'm' prefix to force another search. You already found a monster. Use 'm' prefix to force another search. You already found a monster. Use 'm' prefix to force another search. You already found a monster. Use 'm' prefix to force another search. You already found a monster. Use 'm' prefix to force another search. You already found a monster. Use 'm' prefix to force another search. You already found a monster. Use 'm' prefix to force another search. You already found a monster. Use 'm' prefix to force another search. You already found a monster. Use 'm' prefix to force another search. What do you want to zap? [JNP or ?*] ? In what direction? k The magic missile hits the shocking sphere! The shocking sphere explodes! You are caught in the shocking sphere's explosion! Your ring of gain strength spins clockwise for a moment. Your diamond ring turns to dust and vanishes! Your hexagonal wand breaks apart and explodes! The shocking sphere's explosion is fatal. Do you want your possessions identified? [ynq] (y) y Do you want to see your attributes? [ynq] (y) y Do you want an account of creatures vanquished? [ynaq] (y) y Do you want to see your conduct and achievements? [ynq] (y) y Do you want to see the dungeon overview? [ynq] (y) y Major events: Turn 1: Gandelf the neutral male human Monk entered the dungeon 1248: attained the rank of Novice (level 3) 2660: entered the Gnomish Mines 3719: attained the rank of Initiate (level 6) 5339: entered Sokoban 5688: completed sokoban 1 6227: completed sokoban 2 6293: killed by a shocking sphere's explosion Inventory: Armor z - an uncursed +0 pair of gauntlets of power (being worn) l - an uncursed +1 pair of iron shoes (being worn) Z - an uncursed +0 elven shield (being worn) b - an uncursed +1 robe (being worn) Comestibles g - 3 uncursed apples Q - 2 uncursed fortune cookies h - 5 uncursed oranges G - an uncursed pancake o - an uncursed tripe ration H - an uncursed tripe ration R - an uncursed lizard corpse Rings p - a cursed -3 ring of gain strength Wands J - a wand of magic missile (0:1) P - a wand of sleep (0:4) Tools A - an empty uncursed sack j - a blessed magic marker (0:83) r - a +0 pick-axe n - an uncursed tin whistle Gems/Stones f - an uncursed worthless piece of white glass Gandelf the Monk's attributes: Background: You were an Initiate, a level 8 male human Monk. You were neutral, on a mission for Chih Sung-tzu who was opposed by Shan Lai Ching (lawful) and Huan Ti (chaotic). You were in Sokoban, on level 8. You entered the dungeon 6293 turns ago. It was nighttime. There was a new moon in effect when your adventure ended. You had 1814 experience points, 746 more were needed to attain level 9. Your score was 7766 before end-of-game adjustments. Basics: You had 0 out of 70 hit points. You had all 49 energy points (spell power). Your armor class was 1. Your wallet was empty. Autopickup was off. Final Characteristics: Your strength was 25 (base:18/13, innate limit:18/100). Your dexterity was 13 (limit:18). Your constitution was 13 (limit:18). Your intelligence was 8 (limit:18). Your wisdom was 12 (limit:18). Your charisma was 11 (limit:18). Final Status: You were hungry. You were unencumbered. You were empty handed. You were skilled in martial arts. Final Attributes: You were piously aligned. You were sleep resistant. You were poison resistant. You were warned. You were stealthy. You were guarded. You were fast. You are dead. Miscellaneous: You never encountered a bones level. Total elapsed playing time was 1 hour, 1 minute and 46 seconds. Vanquished creatures: a small mimic a gelatinous cube a freezing sphere a shocking sphere a dwarf ruler a tengu a leocrotta a red naga an ettin zombie a crocodile a winter wolf cub a gremlin a giant spider a horse 2 gnome rulers an orc mummy an owlbear a werewolf a Green-elf 2 lizards a jaguar a dwarf leader a dust vortex 3 apes 4 soldier ants 6 bugbears 2 Mordor orcs 3 ponies 2 fog clouds 3 gnome leaders 2 gnomish wizards a barrow wight 3 elf zombies a ghoul a straw golem 2 giant ants a floating eye 4 dwarves a homunculus a kobold leader a kobold shaman a hill orc a rabid rat 2 giant bats a dwarf zombie 2 wererats an acid blob a coyote a hobbit a large kobold 13 hobgoblins 7 giant rats a yellow mold 6 gnomes 2 gnome zombies 4 geckos 9 jackals a fox a kobold 3 goblins 3 sewer rats 11 grid bugs 7 lichens a kobold zombie 13 newts 159 creatures vanquished. No species were genocided or became extinct. Voluntary challenges: You followed a strict vegan diet. You never hit with a wielded weapon. You read items or engraved 3 times. You never engraved Elbereth. You never genocided any monsters. You never polymorphed an object. You never changed form. You used no wishes. You did not violate any of the special Sokoban rules. Achievements: You entered a shop. You attained the rank of Novice. You entered the Gnomish Mines. You attained the rank of Initiate. You entered Sokoban. The Dungeons of Doom: levels 1 to 11 Level 1: Level 2: A general store, an altar to Chih Sung-tzu. Level 3: An armor shop. Level 4: A general store, an altar, a fountain. Stairs down to The Gnomish Mines. Level 5: Level 6: Level 7: A fountain, some graves. Level 8: A throne, a fountain. Level 9: Many fountains. Level 10: A grave. Stairs up to Sokoban, level 9. Level 11: The Gnomish Mines: Level 5: Sokoban: levels 9 up to 8 Level 8: <- You were here. Solved. Final resting place for you, killed by a shocking sphere's explosion. Level 9: Solved. Game over: ---------- / \ / REST \ / IN \ / PEACE \ / \ | Gandelf | | 0 Au | | killed by a | | shocking | | sphere's | | explosion | | 2022 | *| * * * | * _________)/\\_//(\/(/\)/\//\/|_)_______ Goodbye Gandelf the Monk... You died in Sokoban on dungeon level 8 with 7766 points, and 0 pieces of gold, after 6293 moves. You were level 8 with a maximum of 70 hit points when you died.